 Dungeon Crawl Stone Soup version 0.28.0-45-g0d030f2227 (webtiles) character file.

Game seed: 4853617570560891608

687 MisterFreud the Covert (level 7, 0/60 HPs)
             Began as a Gnoll Delver on May 26, 2022.
             Was an Initiate of Ru.
             Slain by a lemure (2 damage)
             ... led by Pikel
             ... on level 5 of the Dungeon.
             The game lasted 00:07:54 (6599 turns).

MisterFreud the Covert (Gnoll Delver)               Turns: 6599, Time: 00:07:54

Health: 0/60       AC:  3    Str: 12    XL:     7   Next: 62%
Magic:  10/10      EV: 14    Int: 16    God:    Ru [......]
Gold:   234        SH:  0    Dex: 18    Spells: 11/11 levels left

rFire   . . .      SeeInvis .   q - +7 quarterstaff of Uzayhu {drain, Int+5 Dex+5 Stlth-}
rCold   . . .      Faith    .   (shield currently unavailable)
rNeg    . . .      Spirit   .   v - +0 leather armour
rPois   .          Reflect  .   (no helmet)
rElec   .          Harm     .   (no cloak)
rCorr   .          Rampage  .   (no gloves)
Will    .....                   (no boots)
Stlth   +++.......              (no amulet)
HPRegen 0.20/turn               (no ring)
MPRegen 0.12/turn               (no ring)

@: no status effects
A: fangs 1, strong nose, distributed training
a: Renounce Religion


You were on level 5 of the Dungeon.
You worshipped Ru.
Ru was noncommittal.
You visited 2 branches of the dungeon, and saw 7 of its levels.

You collected 234 gold pieces.

Inventory:

Hand Weapons
 a - a +0 short sword of freezing
 b - the +8 longbow "Zephyr" {speed, Dex+3 SInv}
   (You found it on level 4 of the Dungeon)

   Attacks with this weapon are significantly faster.
   Dex:       It affects your dexterity (+3).
   SInv:      It lets you see invisible.
 q - the +7 quarterstaff of Uzayhu (weapon) {drain, Int+5 Dex+5 Stlth-}
   (You found it on level 5 of the Dungeon)

   A truly terrible weapon, it drains the life of any living foe it strikes.
   Int:       It affects your intelligence (+5).
   Dex:       It affects your dexterity (+5).
   Stlth:     It makes you less stealthy.
Missiles
 i - 2 javelins (quivered)
 m - 3 boomerangs of dispersal
 u - 14 boomerangs
 w - 8 arrows
 z - 3 poisoned darts
Armour
 v - a +0 leather armour (worn)
Wands
 g - a wand of digging (3)
 l - a wand of flame (25)
Scrolls
 c - a scroll of fog
 d - 2 scrolls of magic mapping
 e - a scroll of fear
 h - a scroll of amnesia
 j - a scroll of brand weapon
 p - a scroll of holy word
 x - a scroll of identify
 y - 2 scrolls of enchant weapon
Potions
 f - a potion of haste
 k - a potion of curing {unknown}
 n - a potion of magic
 o - 2 potions of attraction
 r - a potion of brilliance
 s - a potion of might
 t - a potion of mutation
 A - a potion of heal wounds {unknown}


   Skills:
 + Level 7.1 Fighting
 + Level 5.3 Short Blades
 + Level 2.6 Long Blades
 + Level 2.6 Axes
 + Level 2.6 Maces & Flails
 + Level 2.6 Polearms
 + Level 2.6 Staves
 + Level 2.6 Slings
 + Level 2.6 Bows
 + Level 2.6 Crossbows
 + Level 2.6 Throwing
 + Level 2.6 Armour
 + Level 5.3 Dodging
 + Level 9.9 Stealth
 + Level 2.6 Shields
 + Level 2.6 Unarmed Combat
 + Level 2.6 Spellcasting
 + Level 2.1 Conjurations
 + Level 2.1 Hexes
 + Level 2.1 Summonings
 + Level 2.1 Necromancy
 + Level 2.1 Translocations
 + Level 2.1 Transmutations
 + Level 2.1 Fire Magic
 + Level 2.1 Ice Magic
 + Level 2.1 Air Magic
 + Level 2.1 Earth Magic
 + Level 2.1 Poison Magic
 + Level 2.9 Invocations
 + Level 2.6 Evocations


You had 11 spell levels left.
You didn't know any spells.
Your spell library contained the following spells:

 Spells                   Type           Power      Damage    Failure   Level
 Slow                     Hex            32%        N/A       11%         1
 Call Canine Familiar     Summ           8%         N/A       30%         3
 Confusing Touch          Hex            8%         N/A       30%         3
 Portal Projectile        Hex/Tloc       16%        N/A       30%         3
 Vampiric Draining        Necr           8%         2d6       30%         3
 Leda's Liquefaction      Hex/Erth       4%         N/A       71%         4
 Freezing Cloud           Conj/Ice/Air   4%         6-21      96%         5
 Simulacrum               Ice/Necr       4%         N/A       100%        6
 Polar Vortex             Ice            4%         N/A       100%        9


Dungeon Overview and Level Annotations

Branches:
Dungeon (6/15)             Temple (1/1) D:5

Altars:
Ashenzari
Cheibriados
Dithmenos
Elyvilon
Fedhas
Gozag
Hepliaklqana
Kikubaaqudgha
Makhleb
Nemelex Xobeh
Okawaru
Qazlal
Ru
Trog
Uskayaw
Vehumet
Wu Jian
Xom
Yredelemnul
Zin
The Shining One

Shops:
D:5 (?:(

Annotations:
D:6 Pikel


Innate Abilities, Weirdness & Mutations

You have very sharp teeth.
Your uncanny sense of smell can sniff out nearby items.
Your experience applies equally to all skills.


Message History

The lemure is severely wounded.
You thump the lemure!
You kill the lemure!
That felt strangely unrewarding.
The lemure hits you! The lemure hits you.
The lemure hits you but does no damage.
You climb upwards.
There is a stone staircase leading down here.
You closely miss the lemure. You bite the lemure, but do no damage.
The lemure hits you but does no damage. The lemure completely misses you.
The lemure hits you.
You are too injured to fight recklessly!
You hit the lemure but do no damage. The lemure barely misses you.
The lemure closely misses you. The lemure hits you!
You are too injured to fight recklessly!
You sock the lemure! Your bite misses the lemure.
The lemure is heavily wounded.
The lemure closely misses you. The lemure barely misses you.
You sock the lemure! You bite the lemure.
You kill the lemure!
That felt strangely unrewarding.
The lemure hits you!
* * * LOW HITPOINT WARNING * * *
The lemure hits you but does no damage.
You thump the lemure!
The lemure is moderately wounded.
The lemure misses you.
You closely miss the lemure. Your bite misses the lemure.
The lemure is moderately wounded.
The lemure closely misses you.
You hit the lemure. Your bite misses the lemure.
The lemure is heavily wounded.
The lemure hits you.
* * * LOW HITPOINT WARNING * * *
You closely miss the lemure.
The lemure is heavily wounded.
The lemure hits you but does no damage. The lemure hits you!
* * * LOW HITPOINT WARNING * * *
You hit the lemure. Your bite misses the lemure.
The lemure is severely wounded.
The lemure hits you.
You die...

#. #.....# #. #..†..# #.
#.....# #. #.....# #.
#.....# ######. #..$..#
##.......## #.....#
#.#######.# ###..###
##.#...@5#.## #......#
#..#.∩.>.#..###.#.##.#
#..#.....#.#......##.##
###..#######.#<.#...(...##
#...........##.##..∩......
.^...#..##.###.###.#..##.##
##.#.#..##....## #.##.# #
#.#....>#⌠.⌠### #.......#
#.###...#.∩...# ####.####


You could see a lemure.

Vanquished Creatures
  A sky beast (D:5)
  A necrophage (D:5)
  An ogre (D:5)
  2 lemures
  A scorpion (D:4)
  A howler monkey (D:5)
  2 centaur zombies (D:5)
  A hound (D:5)
  3 iguanas (D:5)
  An orc wizard (D:4)
  An adder (D:4)
  A white imp (D:5)
  2 ufetubi
  2 worms
  3 dart slugs
  11 orcs
  2 bats
  5 endoplasms
  3 giant cockroaches
  7 goblins
  7 hobgoblins
  11 jackals
  5 kobolds
  6 quokkas
  5 ball pythons
  5 frilled lizards (D:2)
  A quokka skeleton (D:4)
  7 rats
98 creatures vanquished.

Notes
Turn   | Place    | Note
-------+----------+-------------------------------------------
     0 | D:5      | Reached skill level 9 in Stealth
     0 | D:5      | MisterFreud the Gnoll Delver began the quest for the Orb.
     0 | D:5      | Reached XP level 1. HP: 23/23 MP: 1/1
     1 | D:6      | Noticed Pikel
     1 | D:6      | Noticed a lemure
     2 | D:6      | Noticed a lemure
     3 | D:6      | Noticed a lemure
     4 | D:6      | Noticed a lemure
    37 | D:5      | Found Qatwuut's Book Emporium.
    47 | D:5      | Found Rets's Weapon Shop.
    73 | D:5      | Noticed a howler monkey
    90 | D:5      | Killed a howler monkey
    91 | D:5      | Reached XP level 2. HP: 10/29 MP: 1/3
    91 | D:5      | Reached XP level 3. HP: 12/35 MP: 1/4
   104 | D:5      | Noticed a sky beast
   395 | D:4      | Reached skill level 1 in Invocations
   478 | D:3      | Reached skill level 1 in Long Blades
   478 | D:3      | Reached skill level 1 in Axes
   478 | D:3      | Reached skill level 1 in Maces & Flails
   478 | D:3      | Reached skill level 1 in Polearms
   478 | D:3      | Reached skill level 1 in Staves
   478 | D:3      | Reached skill level 1 in Slings
   478 | D:3      | Reached skill level 1 in Bows
   478 | D:3      | Reached skill level 1 in Crossbows
   478 | D:3      | Reached skill level 1 in Throwing
   478 | D:3      | Reached skill level 1 in Armour
   478 | D:3      | Reached skill level 1 in Shields
   478 | D:3      | Reached skill level 1 in Unarmed Combat
   478 | D:3      | Reached skill level 1 in Spellcasting
   478 | D:3      | Reached skill level 1 in Evocations
   670 | D:2      | Reached XP level 4. HP: 40/41 MP: 5/5
   715 | D:2      | Found a faded altar of an unknown god.
  1969 | D:2      | Reached skill level 1 in Conjurations
  1969 | D:2      | Reached skill level 1 in Hexes
  1969 | D:2      | Reached skill level 1 in Summonings
  1969 | D:2      | Reached skill level 1 in Necromancy
  1969 | D:2      | Reached skill level 1 in Translocations
  1969 | D:2      | Reached skill level 1 in Transmutations
  1969 | D:2      | Reached skill level 1 in Fire Magic
  1969 | D:2      | Reached skill level 1 in Ice Magic
  1969 | D:2      | Reached skill level 1 in Air Magic
  1969 | D:2      | Reached skill level 1 in Earth Magic
  1969 | D:2      | Reached skill level 1 in Poison Magic
  3205 | D:4      | Found the +8 longbow "Zephyr" {speed, Dex+3 SInv}
  3235 | D:4      | Reached XP level 5. HP: 47/47 MP: 6/6
  4992 | D:4      | Reached XP level 6. HP: 14/53 MP: 8/8
  5707 | D:5      | Reached skill level 5 in Short Blades
  5707 | D:5      | Reached skill level 5 in Dodging
  5816 | D:5      | Identified the +7 quarterstaff of Uzayhu {drain, Int+5
                  | Dex+5 Stlth-}
  5874 | D:5      | Found a staircase to the Ecumenical Temple.
  5883 | D:5      | Killed a sky beast
  5884 | D:5      | Reached XP level 7. HP: 44/59 MP: 10/10
  5888 | Temple   | Entered the Ecumenical Temple
  6368 | Temple   | Became a worshipper of Ru the Awakened
  6428 | D:5      | Found Bekimim's Weapon Boutique.
  6598 | D:5      | HP: 1/60 [lemure[Pikel] (8)]
  6599 | D:5      | Slain by a lemure

Illustrated notes

Levels and vault maps discovered:
D:1:      mainiacjoe_arrival_reflecting_pool, layout_loops_ring,
          hangedman_glass_teeth, minmay_misc_feat_secret_circle
D:2:      layout_loops_corners, hellmonk_ecumenical_altar_arch_garden,
          feat_on_display
D:3:      layout_loops_cross, portal_sewer_entry_f
D:4:      layout_gridville
D:5:      layout_loops_cross, minmay_temple_entry_tees, serial_shops,
          shop_fountains, nicolae_shop_hallway_stairs, nicolae_take_the_stairs,
          shop
D:6:      layout_rooms, uniq_pikel, uniq_prince_ribbit1
Temple:   mainiacjoe_temple_trianglar_array

Skill      XL: |  1  2  3  4  5  6  7 |
---------------+----------------------+-----
Stealth        | |  9.9
Invocations    | 1 2 |  2.9
Long Blades    | 1 2 |  2.6
Axes           | 1 2 |  2.6
Maces & Flails | 1 2 |  2.6
Polearms       | 1 2 |  2.6
Staves         | 1 2 |  2.6
Slings         | 1 2 |  2.6
Bows           | 1 2 |  2.6
Crossbows      | 1 2 |  2.6
Throwing       | 1 2 |  2.6
Armour         | 1 2 |  2.6
Shields        | 1 2 |  2.6
Unarmed Combat | 1 2 |  2.6
Spellcasting   | 1 2 |  2.6
Evocations     | 1 2 |  2.6
Conjurations   | 1 2 |  2.1
Hexes          | 1 2 |  2.1
Summonings     | 1 2 |  2.1
Necromancy     | 1 2 |  2.1
Translocations | 1 2 |  2.1
Transmutations | 1 2 |  2.1
Fire Magic     | 1 2 |  2.1
Ice Magic      | 1 2 |  2.1
Air Magic      | 1 2 |  2.1
Earth Magic    | 1 2 |  2.1
Poison Magic   | 1 2 |  2.1
Short Blades   | 5 |  5.3
Dodging        | 5 |  5.3
Fighting       | 7 |  7.1

Action                   |  1- 3 |  4- 6 |  7- 9 || total
-------------------------+-------+-------+-------++-------
Melee: Short sword       |    64 |   316 |       ||   380
       Bite              |     9 |    36 |     5 ||    50
       Punch             |       |     7 |       ||     7
       Quarterstaff      |       |    11 |    37 ||    48
  Use: Scroll            |       |    12 |       ||    12
 Stab: Sleeping          |     6 |    23 |       ||    29
Armor: Leather armour    |    12 |    41 |    11 ||    64
Dodge: Dodged            |    43 |   186 |    23 ||   252
